 Dungeon Crawl Stone Soup version 0.27.1-1-g398f81649c (webtiles) character file.

Game seed: 2761320794224512502

5009 ZARRMARR the Covert (level 10, -4/71 HPs)
             Began as an Octopode Monk on Sept 9, 2021.
             Was an Elder of Okawaru.
             Slain by a slime creature (19 damage)
             ... in a Gauntlet.
             The game lasted 00:46:47 (11713 turns).

ZARRMARR the Covert (Octopode Monk)                Turns: 11713, Time: 00:46:48

Health: -4/71      AC: -7    Str: 11    XL:     10   Next: 54%
Magic:  12/14      EV: 19    Int: 16    God:    Okawaru [****..]
Gold:   979        SH:  0    Dex: 14    Spells: 9/9 levels left

rFire    + + .     SeeInvis .   i - +6 scimitar of Inference {pain, +Rage rElec rPois rF++}
rCold    + . .     Faith    .   (no shield)
rNeg     . . .     Spirit   .   (helmet restricted)
rPois    +         Reflect  .   m - amulet of the acrobat
rElec    +         Harm     .   l - ring of protection from cold
rCorr    .         Rampage  .   (no ring)
Will     .....     NoTele   +   (no ring)
Stlth    +++++++...             (no ring)
HPRegen  0.21/turn              (no ring)
MPRegen  0.14/turn              (no ring)
                                (no ring)
                                (no ring)

@: heroic, corroded
A: almost no armour, amphibious, 8 rings, camouflage 1, gelatinous body 1,
(nimble swimmer 1), tentacles
a: Renounce Religion, Evoke Berserk Rage, Heroism


You were in a Gauntlet.
You worshipped Okawaru.
Okawaru was greatly pleased with you.
You visited 2 branches of the dungeon, and saw 12 of its levels.
You also visited: Bailey and Gauntlet.

You collected 979 gold pieces.

Inventory:

Hand Weapons
 i - the +6 scimitar of Inference (weapon) {pain, +Rage rElec rPois rF++}
   (You took it off a hobgoblin in a bailey)

   In the hands of one skilled in necromantic magic, it inflicts extra damage on
   living creatures.
   rF:        It greatly protects you from fire.
   rElec:     It insulates you from electricity.
   rPois:     It protects you from poison.
   +Rage:     It lets you go berserk.
 j - a +3 short sword of protection
Missiles
 o - 2 throwing nets
 t - 44 boomerangs
 v - 4 curare-tipped darts (quivered)
Jewellery
 l - a ring of protection from cold (left tentacle)
 m - an amulet of the acrobat (around mantle)
Wands
 g - a wand of polymorph (11)
 q - a wand of iceblast (8)
 x - a wand of mindburst (29)
 y - a wand of acid (5)
 A - a wand of paralysis (12)
Scrolls
 b - a scroll of identify
 d - 3 scrolls of enchant armour
 e - 2 scrolls of amnesia
 n - a scroll of fog
 u - a scroll of teleportation
 w - a scroll of silence
Potions
 a - 2 potions of heal wounds {unknown}
 c - 2 potions of brilliance {unknown}
 f - 2 potions of ambrosia
 p - 3 potions of curing {unknown}
 r - a potion of attraction {unknown}
 s - a potion of lignification {unknown}


   Skills:
 + Level 7.3(12.3) Fighting
 - Level 6.7(12.0) Short Blades
 + Level 2.6(10.0) Long Blades
 + Level 7.3(12.3) Dodging
 + Level 9.9(14.9) Stealth
 + Level 2.5 Necromancy
 + Level 6.6 Invocations
 + Level 2.8 Evocations


You had 9 spell levels left.
You didn't know any spells.
Your spell library contained the following spells:

 Spells                   Type           Power      Damage    Failure   Level
 Corpse Rot               Necr/Air       N/A        N/A       22%         2
 Beastly Appendage        Tmut           0%         N/A       26%         1
 Magic Dart               Conj           0%         1d3       26%         1
 Call Imp                 Summ           0%         N/A       36%         2
 Poisonous Vapours        Pois/Air       0%         N/A       36%         2
 Wereblood                Tmut           0%         N/A       36%         2
 Gell's Gravitas          Tloc           0%         N/A       58%         3
 Lesser Beckoning         Tloc           0%         N/A       58%         3
 Mephitic Cloud           Conj/Pois/Air  0%         N/A       58%         3
 Spider Form              Tmut/Pois      0%         N/A       58%         3
 Stone Arrow              Conj/Erth      0%         3d7       58%         3
 Teleport Other           Tloc           0%         N/A       58%         3
 Bolt of Magma            Conj/Fire/Erth 0%         4d4       100%        5
 Freezing Cloud           Conj/Ice/Air   0%         6-21      100%        5
 Lehudib's Crystal Spear  Conj/Erth      0%         10d2      100%        8
 Shatter                  Erth           0%         3d5*      100%        9
 Animate Armour           Summ/Erth      Unusable   N/A       N/A         4

Dungeon Overview and Level Annotations

Branches:
Dungeon (12/15)            Temple (1/1) D:6            Lair (0/6) D:11
 Bailey (visited)         Gauntlet (1/1)
    Orc: D:9-12

Altars:
Ashenzari
Cheibriados
Elyvilon
Fedhas
Gozag
Hepliaklqana
Kikubaaqudgha
Makhleb
Nemelex Xobeh
Okawaru
Ru
Trog
Uskayaw
Vehumet
Wu Jian
Xom
Yredelemnul
Zin
The Shining One

Shops:
D:8 =   D:12 :

Annotations:
D:8 1 runed translucent door, exclusions: ugly thing and wyvern
D:12 exclusions: catoblepas, simulacrum, 2 ugly things and yaktaur Gauntlet 17 transporters


Innate Abilities, Weirdness & Mutations

You cannot wear most types of armour.
You are amphibious.
You can wear up to eight rings at the same time.
Your skin changes colour to match your surroundings (Stealth+).
Your rubbery body absorbs attacks. (AC +1, EV +1)
((You are camouflaged near water. (Stealth+)))
You have tentacles for arms and can constrict up to eight enemies at once.


Message History

Okawaru accepts your kill.
The slime creature quivers.
You slice the slime creature!!
The slime creature is heavily wounded.
The slime creature barely misses you.
You riposte.
You slash the slime creature!
The slime creature writhes in agony.
The slime creature is severely wounded.
You slash the slime creature!
The slime creature writhes in agony.
The slime creature is almost dead.
The slime creature barely misses you.
Two slime creatures merge to form a large slime creature.
The slime creature completely misses you.
You riposte.
You slash the slime creature! You squeeze the slime creature.
The slime creature is moderately wounded.
You slash the slime creature!
The slime creature is heavily wounded.
The slime creature hits you!!
* * * LOW HITPOINT WARNING * * *
Two slime creatures merge to form a very large slime creature.
It was a potion of ambrosia.
You are confused.
You feel invigorated.
You feel like a meek peon again. The jelly barely misses you.
The jelly closely misses you.
You slash the jelly!
Your tentacles burn!
The jelly is severely wounded.
You feel less invigorated.
You feel less confused. The jelly hits you. The acid corrodes you!
You are splashed with acid!
You gain the combat prowess of a mighty hero.
The jelly hits you.
* * * LOW HITPOINT WARNING * * *
The acid corrodes you!
You are splashed with acid.
* * * LOW HITPOINT WARNING * * *
You hit the jelly.
The jelly writhes in agony.
You kill the jelly!
Okawaru accepts your kill. The slime creature hits you!!
You die...

#.##.##.##..#.#..#.©.#..#.#..b#..
#.#.#..#Z####.#...#x#...#.#...#.h
#.#..#.##..##.#.X..#x.x.#.#..#...
##### ###########################
.......©#≈≈≈≈8≈≈§§#©...........©.
# ################### #####.#
≈≈#©.........©.........©#≈≈8≈≈#.#
###############################.#
......#.#..=?©..@.#.#D.....D..#.#
#.#y#.#.#..#...#J.#.#D........#.#
.#.#..#.#.#######J#.#h........#.#
#.#.#.#.##..#.#..##.#.........#.#
.©.#^^#.#....©....#.#....©...©#©#
#.#.#.#.##..#.#..##.#........$###
.#.#..#.#.##...##.#.#........[#..
#.#.#.#.#..#...#..#.#.........#..
^^y...#.#...#.#...#.#.........#..


You could see 2 slime creatures, a large abomination, a raiju, 2 steam dragons
and 3 small abominations.

Vanquished Creatures
  A centaur zombie (D:8)
  A kobold demonologist (D:12)
  A troll (D:8)
  A meliai (D:12)
  Grinder (D:4)
  A shadow (D:12)
  A wraith (D:12)
  2 wyverns
  Sigmund (D:3)
  A steam dragon (D:8)
  2 ice beasts
  A hornet zombie (D:5)
  4 orc warriors (Bailey)
  A sky beast (D:6)
  2 ogres
  A necrophage (D:6)
  5 kobold brigands
  Blork the orc (D:6)
  5 bullfrogs
  A scorpion (D:4)
  5 killer bees (D:9)
  A hound (D:6)
  5 gnoll shamans
  5 jellies
  A bullfrog skeleton (D:5)
  A centaur skeleton (D:5)
  An iguana (D:6)
  2 orc wizards
  A killer bee zombie (D:6)
  A hound zombie (D:5)
  A hound skeleton (D:4)
  A howler monkey zombie (D:8)
  4 adders
  23 gnolls
  A shadow imp (D:8)
  2 worms
  3 dart slugs
  21 orcs
  6 endoplasms
  5 giant cockroaches
  16 goblins
  12 hobgoblins
  3 jackals (D:2)
  A quokka (D:3)
  7 ball pythons
  3 bats
  A frilled lizard (D:1)
  31 kobolds
  11 rats
209 creatures vanquished.

Vanquished Creatures (others)
  2 bushes (D:12)
  14 demonic plants (Gauntlet)
  5 withered plants (Gauntlet)
21 creatures vanquished.

Grand Total: 230 creatures vanquished

Notes
Turn   | Place    | Note
-------+----------+-------------------------------------------
     0 | D:1      | ZARRMARR the Octopode Monk began the quest for the Orb.
     0 | D:1      | Reached XP level 1. HP: 16/16 MP: 1/1
    96 | D:1      | Found a faded altar of an unknown god.
   182 | D:1      | Reached skill level 3 in Stealth
   182 | D:1      | Reached XP level 2. HP: 17/21 MP: 2/2
   645 | D:1      | Reached XP level 3. HP: 26/26 MP: 3/3
  1413 | D:2      | Found an iron altar of Okawaru.
  1418 | D:2      | Reached XP level 4. HP: 31/31 MP: 4/4
  1420 | D:2      | Became a worshipper of Warmaster Okawaru
  1420 | D:2      | Reached * piety under Okawaru
  1420 | D:2      | Reached ** piety under Okawaru
  2019 | D:2      | Found a glowing golden altar of the Shining One.
  2175 | D:3      | Reached skill level 4 in Stealth
  2478 | D:3      | Noticed Sigmund
  2486 | D:3      | Killed Sigmund
  2487 | D:3      | Reached skill level 1 in Invocations
  2487 | D:3      | Reached XP level 5. HP: 37/37 MP: 2/6
  2487 | D:3      | Reached XP level 6. HP: 43/43 MP: 2/7
  3065 | D:4      | Reached skill level 5 in Stealth
  3343 | D:4      | Noticed Grinder
  3413 | D:4      | Reached XP level 7. HP: 16/49 MP: 5/8
  3658 | D:4      | Found a sacrificial altar of Ru.
  3836 | D:4      | Killed Grinder
  3837 | D:4      | Reached skill level 6 in Stealth
  4184 | D:5      | Entered Level 5 of the Dungeon
  4216 | D:5      | Reached skill level 5 in Fighting
  4216 | D:5      | Reached skill level 5 in Short Blades
  4216 | D:5      | Reached skill level 5 in Dodging
  4216 | D:5      | Reached XP level 8. HP: 23/55 MP: 7/10
  5020 | D:5      | Reached skill level 7 in Stealth
  6187 | D:6      | Found a hazy altar of Hepliaklqana.
  6187 | D:6      | Found a bloodstained altar of Trog.
  6261 | D:6      | Found a staircase to the Ecumenical Temple.
  6261 | D:6      | Noticed Blork the orc
  6270 | D:6      | Killed Blork the orc
  6271 | D:6      | Reached XP level 9. HP: 62/62 MP: 9/12
  6310 | Temple   | Entered the Ecumenical Temple
  6446 | D:7      | Found a flagged portal.
  6457 | Bailey   | Entered a bailey
  6598 | Bailey   | Reached skill level 8 in Stealth
  6679 | Bailey   | Reached *** piety under Okawaru
  6757 | Bailey   | Identified the +6 scimitar of Inference {pain, +Rage rElec
                  | rPois rF++}
  6785 | Bailey   | Reached skill level 5 in Invocations
  7225 | D:7      | Noticed a two-headed ogre
  7656 | D:8      | Noticed a troll
  7666 | D:8      | Killed a troll
  8440 | D:8      | Reached skill level 9 in Stealth
  8486 | D:8      | Found a runed translucent door.
  8490 | D:8      | Found Utogozoz's Jewellery Shoppe.
  8629 | D:8      | Found a runed translucent door.
  8645 | D:8      | Reached **** piety under Okawaru
  8646 | D:8      | Reached skill level 1 in Long Blades
  8646 | D:8      | Reached skill level 1 in Evocations
  8833 | D:8      | Reached skill level 1 in Necromancy
  8833 | D:8      | Reached XP level 10. HP: 63/69 MP: 12/14
  9676 | D:8      | Noticed a cyan ugly thing
 10279 | D:9      | You fall into a shaft and drop 3 floors!
 10279 | D:12     | Found Quvie's Book Shoppe.
 10329 | D:12     | Noticed a kobold demonologist
 10350 | D:12     | Killed a kobold demonologist
 10494 | D:12     | Noticed a brown ugly thing
 10533 | D:12     | Noticed a red ugly thing
 10801 | D:12     | Noticed a catoblepas
 10827 | D:12     | Noticed a manticore
 11273 | D:11     | Found a gate leading to a gauntlet.
 11278 | Gauntlet | Entered a Gauntlet
 11278 | Gauntlet | Found a transporter.
 11287 | Gauntlet | Found a transporter.
 11302 | Gauntlet | Found a transporter.
 11304 | Gauntlet | Noticed an elephant
 11307 | Gauntlet | Found a transporter.
 11316 | Gauntlet | Noticed a dire elephant
 11319 | Gauntlet | Noticed an elephant
 11322 | Gauntlet | Found a transporter.
 11323 | Gauntlet | Noticed an elephant
 11341 | Gauntlet | Found a transporter.
 11353 | Gauntlet | Found a transporter.
 11365 | Gauntlet | Found a transporter.
 11365 | Gauntlet | Noticed a death drake
 11367 | Gauntlet | Noticed a large abomination
 11377 | Gauntlet | Found a transporter.
 11383 | Gauntlet | Found a transporter.
 11383 | Gauntlet | Found a transporter.
 11394 | Gauntlet | Noticed a hell hog
 11398 | Gauntlet | Found a transporter.
 11404 | Gauntlet | Found a transporter.
 11443 | Gauntlet | Found a transporter.
 11470 | Gauntlet | Found a transporter.
 11490 | Gauntlet | Found a transporter.
 11568 | Gauntlet | Found a transporter.
 11568 | Gauntlet | Noticed a fire crab
 11584 | Gauntlet | Noticed a spectral centaur warrior
 11687 | Gauntlet | Found a transporter.
 11713 | Gauntlet | Slain by a slime creature

Illustrated notes

Levels and vault maps discovered:
D:1:      dpeg_arrival_round_b, layout_basic, chequers_ecumenical_altar_simple
D:2:      layout_basic, serial_glass, glass_columns_b, glass_columns_a,
          glass_columns_b, glass_columns_a, basic_altar, kennysheep_flooded_box,
          due_unseen_surprise
D:3:      layout_basic, serial_park_tiny_1, uniq_sigmund
D:4:      layout_basic, nicolae_ru_the_path_less_chosen, minmay_box_of_dots,
          uniq_grinder
D:5:      layout_loops_corners, serial_bayou_pond_d
D:6:      layout_basic, gammafunk_temple_overflow_pools,
          minmay_temple_entry_butterflies, uniq_blork_the_orc
D:7:      layout_basic, mainiacjoe_overflow_tiny_flanked, lemuel_crystal_altar,
          lemuel_round_altar, enter_bailey_3
D:8:      cheibrodos_histonic, layout_layer_cave, serial_shops, shop
D:9:      layout_loops_ring, nicolae_dithmenos_through_a_glass_darkly,
          hellmonk_ghost_happy_afterlife
D:11:     layout_loops_ring, david_lair_generic, gauntlet_entry_generic
D:12:     minmay_dotted_concentric_squares, layout_stronghold, serial_shops,
          nicolae_square_shop, fedhas_bush_and_centaur_altar
Temple:   minmay_freezing_vapour_temple
Gauntlet: gammafunk_gauntlet_one_two_three [gammafunk_gauntlet_arena_chambers,
          gammafunk_gauntlet_arena_grid, gammafunk_gauntlet_arena_open,
          nicolae_gauntlet_arena_x, gammafunk_gauntlet_arena_teeth,
          gammafunk_gauntlet_arena_mazey, gammafunk_gauntlet_arena_arrow_garden,
          nicolae_gauntlet_swirl, gammafunk_gauntlet_arena_crates,
          gauntlet_exit_hidden_loot]

Skill      XL: |  1  2  3  4  5  6  7  8  9 10 |
---------------+-------------------------------+-----
Stealth        | 3 4 5 6 7 9 |  9.9
Fighting       | 4 5 6 7 |  7.3
Short Blades   | 4 5 6 |  6.7
Dodging        | 4 5 6 7 |  7.3
Invocations    | 1 2 3 4 6 |  6.6
Long Blades    | 1 2 |  2.6
Evocations     | 1 2 |  2.8
Necromancy     | 1 2 |  2.5

Action                   |  1- 3 |  4- 6 |  7- 9 | 10-12 || total
-------------------------+-------+-------+-------+-------++-------
Melee: Short sword       |    70 |    90 |   225 |       ||   385
       Constrict         |    14 |    17 |    47 |    16 ||    94
       Tentacles         |     6 |    15 |    55 |    12 ||    88
       Punch             |       |     1 |     5 |     1 ||     7
       Scimitar          |       |       |    55 |    88 ||   143
Throw: Boomerang         |       |       |   180 |     4 ||   184
       Dart              |       |       |     2 |       ||     2
Invok: Heroism           |       |     5 |    11 |     7 ||    23
  Use: Scroll            |       |     4 |     6 |     5 ||    15
       Potion            |       |       |       |     2 ||     2
 Stab: Sleeping          |    19 |    12 |    12 |     1 ||    44
Armor: Skin              |     5 |     1 |    48 |     5 ||    59
Dodge: Dodged            |    35 |    48 |   243 |    87 ||   413
       Rpst.: Scimitar   |       |       |    16 |    22 ||    38
